 Dungeon Sprint DCSS version 0.19-a0-1931-gf4bb0bd (webtiles) character file.

550113 Groucho the Skullcrusher (level 23, -4/284 HPs)
             Began as an Ogre Berserker on Oct 25, 2016.
             Was the Champion of Trog.
             Killed from afar by Woomih the pandemonium lord (36 damage)
             ... with a bolt of negative energy
             ... in the Dungeon (Sprint IX: "|||||||||||||||||||||||||||||").
             The game lasted 01:06:10 (21568 turns).

Groucho the Skullcrusher (Ogre Berserker)          Turns: 21568, Time: 01:06:10

Health: -4/284     AC: 42    Str: 29    XL:     23   Next: 6%
Magic:  0/14       EV: 20    Int:  6    God:    Trog [******]
Gold:   991        SH:  0    Dex: 18    Spells: 0 memorised, 65 levels left

rFire  + + .     SeeInvis .     K - +13 giant club (antimagic)
rCold  + . .     Gourm    .     u - +8 gold dragon scales
rNeg   . . .     Faith    .     (shield currently unavailable)
rPois  +         Spirit   +     (helmet restricted)
rElec  .         Reflect  .     y - +1 cloak
rCorr  .         Harm     .     (gloves unavailable)
MR     ++++.     NoTele   +     (boots unavailable)
Stlth  +.........               P - amulet "Bercheefe" {Spirit Stlth+}
                                N - +4 ring of protection
                                O - ring "Geurhor" {Dex+3 Slay+3}

@: exhausted, regenerating, slowed, drained, very slow
A: unfitting armour, fire resistance 1, low mp 1, tough skin 1
a: Berserk, Trog's Hand, Brothers in Arms, Burn Spellbooks, Renounce Religion
0: Orb of Zot
}: 9/15 runes: decaying, serpentine, barnacled, slimy, elven, silver, golden,
abyssal, gossamer


You were in the Dungeon.
You worshipped Trog.
Trog was exalted by your worship.
You were not hungry.

You visited 1 branch You collected 1956 gold pieces.
You spent 965 gold pieces at shops.

Inventory:

Hand Weapons
 n - the +6 giant spiked club of Dismemberment {crush, Str+3 Int+6 SInv}
   (Trog gifted it to you in the Dungeon)

   It inflicts extra damage upon your enemies.
   It affects your strength (+3).
   It affects your intelligence (+6).
   It lets you see invisible.
 o - the +11 giant spiked club of Perversion {drain, rPois MR+ Str-3 Stlth+}
   (Trog gifted it to you in the Dungeon)

   A truly terrible weapon, it drains the life of those it strikes.
   It affects your strength (-3).
   It protects you from poison.
   It affects your resistance to hostile enchantments.
   It makes you more stealthy.
 v - the +10 great mace of Dehenehu {crush, *Drain rPois rC+ Int+2}
   (Trog gifted it to you in the Dungeon)

   It inflicts extra damage upon your enemies.
   It affects your intelligence (+2).
   It protects you from cold.
   It protects you from poison.
   It causes draining when unequipped.
 J - the +7 giant club "Nommuanu" {chaos, -Tele rN+++ Str+2 Stlth+}
   (Trog gifted it to you in the Dungeon)

   Each time it hits an enemy it has a different, random effect.
   It affects your strength (+2).
   It renders you almost immune to negative energy.
   It prevents most forms of teleportation.
   It makes you more stealthy.
 K - a +13 antimagic giant club (weapon)
Missiles
 m - 81 large rocks (quivered)
Armour
 u - +8 gold dragon scales (worn)
 y - a +1 cloak (worn)
Jewellery
 C - a +6 ring of dexterity
 F - an uncursed ring of see invisible
 H - the ring "Gibaso" {rPois rF- rC+ Int+7 Stlth+}
   (You found it in the Dungeon)

   [ring of protection from cold]

   It affects your intelligence (+7).
   It makes you vulnerable to fire.
   It protects you from cold.
   It protects you from poison.
   It makes you more stealthy.
 N - a +4 ring of protection (right hand)
 O - the ring "Geurhor" (left hand) {Dex+3 Slay+3}
   (You found it in the Dungeon)

   [ring of slaying]

   It affects your dexterity (+3).
   It affects your accuracy and damage with ranged weapons and melee attacks
   (+3).
 P - the amulet "Bercheefe" (around neck) {Spirit Stlth+}
   (You found it in the Dungeon)

   [amulet of guardian spirit]

   It causes incoming damage to be split between your health and magic.
   It makes you more stealthy.
 Q - the amulet "Loumakhlo" {Gourm rElec Str+3 Int+3}
   (You found it in the Dungeon)

   [amulet of the gourmand]

   It allows you to eat raw meat even when not hungry.
   It affects your strength (+3).
   It affects your intelligence (+3).
   It insulates you from electricity.
 R - the ring of Idyh Bev {rPois rC+}
   (You found it in the Dungeon)

   [ring of protection from cold]

   It protects you from cold.
   It protects you from poison.
Wands
 b - a wand of hasting (5/9)
 l - a wand of lightning (7/15)
Scrolls
 i - 2 scrolls of blinking
 k - 11 scrolls of remove curse
 q - 10 scrolls of enchant weapon
 r - 6 scrolls of identify
 s - a scroll of fog
 t - a scroll of fear
Potions
 d - 3 potions of curing
 g - 4 potions of magic
 h - 4 potions of berserk rage
 j - a potion of invisibility
 p - 5 potions of agility
 x - a potion of flight
 E - a potion of might
 I - 2 potions of resistance
Miscellaneous
 a - the horn of Geryon
Comestibles
 w - 22 fruits
 z - 2 bread rations


   Skills:
 O Level 27(25.8) Fighting
 O Level 27(25.8) Maces & Flails
 O Level 27(25.8) Throwing
 O Level 27(25.8) Armour
 O Level 27(25.8) Dodging
 + Level 25.1(24.0) Stealth
 + Level 26.9(25.8) Unarmed Combat
 - Level 21.7(20.7) Spellcasting
 O Level 27(25.8) Evocations


You had 65 spell levels left.
You didn't know any spells.

Dungeon Overview and Level Annotations

Branches:
Dungeon (1/1)

Altars:
Cheibriados
Dithmenos
Elyvilon
Fedhas
Gozag
Hepliaklqana
Kikubaaqudgha
Makhleb
Nemelex Xobeh
Okawaru
Qazlal
Ru
Sif Muna
Trog
Uskayaw
Vehumet
Xom
Yredelemnul
Zin
The Shining One
Beogh
Jiyva
Lugonu

Shops:
D :=}!


Innate Abilities, Weirdness & Mutations

You are too large for most types of armour.
You have tough skin. (AC +1)
Your flesh is heat resistant. (rF+)
Your magical capacity is low. (-10% MP)


Message History

Your body is wracked with pain!
* * * LOW HITPOINT WARNING * * *
You feel better.
Woomih bursts into living lightning!
The living lightning misses you.
Woomih blinks!
You feel better.
Woomih calls on the powers of darkness!
Your body is wracked with pain!
* * * LOW HITPOINT WARNING * * *
You feel better.
Woomih calls on the powers of darkness!
Your body is wracked with pain!
* * * LOW HITPOINT WARNING * * *
You feel better. Woomih gestures at you.
The bolt of negative energy misses you.
You feel better. Woomih gestures at you. The bolt of negative energy hits you!
You feel drained.
You die...

...()))....†.†.)..†....'.........
▓▓▓▓▓▓▓▓▓▓▓▓▓▓▓▓▓▓▓▓▓▓▓▓▓▓▓▓▓▓▓▓▓
.................................
▓▓▓▓▓▓▓▓▓▓▓▓▓▓▓▓▓▓▓▓▓▓▓▓▓▓▓▓▓▓▓▓▓
.)..)†))()(((())†.........'......
▓▓▓▓▓▓▓▓▓▓▓▓▓▓▓▓▓▓▓▓▓▓▓▓▓▓▓▓▓▓▓▓▓
.))))(...........................
▓▓▓▓▓▓▓▓▓▓▓▓▓▓▓▓▓▓▓▓▓▓▓▓▓▓▓▓▓▓▓▓▓
[[[[[.(...(.(...@.&......'.......
▓▓▓▓▓▓▓▓▓▓▓▓▓▓▓▓▓▓▓▓▓▓▓▓▓▓▓▓▓▓▓▓▓
................)......).........
▓▓▓▓▓▓▓▓▓▓▓▓▓▓▓▓▓▓▓▓▓▓▓▓▓▓▓▓▓▓▓▓▓
...'.)))[)()(..)(())()()()))).)'.
▓▓▓▓▓▓▓▓▓▓▓▓▓▓▓▓▓▓▓▓▓▓▓▓▓▓▓▓▓▓▓▓▓
..)))...(..............(.........
▓▓▓▓▓▓▓▓▓▓▓▓▓▓▓▓▓▓▓▓▓▓▓▓▓▓▓▓▓▓▓▓▓
..)))))).((([....(...())[:|(.[.|'


You could see Woomih.

Vanquished Creatures
  the Royal Jelly (D)
  3 ancient liches (D)
  Mara (D)
  3 orbs of fire (D)
  Mennas (D)
  4 greater mummies (D)
  A pandemonium lord (D)
  Sojobo (D)
  Boris (D)
  Margery (D)
  Saint Roka (D)
  Xtahua (D)
  6 golden dragons (D)
  Jory (D)
  Geryon (D)
  A bone dragon (D)
  An electric golem (D)
  5 liches (D)
  33 Orb Guardians (D)
  A Hell Sentinel (D)
  7 tentacled monstrosities (D)
  8 acid blobs (D)
  3 deep elf master archers (D)
  2 quicksilver dragons (D)
  2 deep elf blademasters (D)
  12 sphinxes (D)
  Agnes (D)
  A death cob (D)
  A thorn hunter (D)
  5 storm dragons (D)
  2 tengu reavers (D)
  5 draconian monks (D)
  Ilsuiw (D)
  Donald (D)
  10 nagarajas (D)
  5 azure jellies (D)
  8 shadow dragons (D)
  2 frost giants (D)
  An iron dragon (D)
  2 draconian scorchers (D)
  A deep elf sorcerer (D)
  7 emperor scorpions (D)
  3 fire giants (D)
  5 ghost moths (D)
  A draconian knight (D)
  2 draconian zealots (D)
  A black sun (D)
  3 draconian shifters (D)
  A war gargoyle (D)
  5 very ugly things (D)
  7 stone giants (D)
  An entropy weaver (D)
  4 ironheart preservers (D)
  4 green draconians (D)
  A deep elf demonologist (D)
  A mottled draconian (D)
  3 deep elf annihilators (D)
  A black draconian (D)
  6 vampire knights (D)
  A white draconian (D)
  2 lorocyprocas (D)
  3 red draconians (D)
  A purple draconian (D)
  2 yellow draconians (D)
  6 merfolk javelineers (D)
  A blizzard demon (D)
  3 deep elf death magi (D)
  3 death oozes (D)
  A green death (D)
  3 fire dragons (D)
  Snorg (D)
  2 merfolk impalers (D)
  3 mummy priests (D)
  5 yaktaur captains (D)
  A deep elf high priest (D)
  2 great orbs of eyes (D)
  A rakshasa (D)
  A monstrous demonspawn (D)
  A naga warrior (D)
  7 hydras (D)
  A hell beast (D)
  An ice dragon (D)
  25 vault guards (D)
  2 centaur warriors (D)
  2 anacondas (D)
  2 merfolk aquamancers (D)
  2 merfolk avatars (D)
  A death yak (shapeshifter) (D)
  2 deep troll earth magi (D)
  6 ogre magi (D)
  A tengu warrior (D)
  A thrashing horror (D)
  2 spriggan berserkers (D)
  7 hell knights (D)
  A shock serpent (D)
  A sixfirhy (D)
  2 soul eaters (D)
  Nergalle (D)
  A shadow wraith (D)
  An infernal demonspawn (D)
  A salamander mystic (D)
  A glowing orange brain (D)
  A shambling mangrove (D)
  5 swamp dragons (D)
  A spriggan druid (D)
  A death drake (shapeshifter) (D)
  2 hill giants (D)
  A necromancer (D)
  2 orc knights (D)
  2 wolf spiders (D)
  3 ugly things (D)
  An orb spider (D)
  8 orc sorcerers (D)
  2 cyclopes (D)
  2 deep elf magi (D)
  9 moths of wrath (D)
  A moth of wrath (shapeshifter) (D)
  A salamander (shapeshifter) (D)
  5 vault sentinels (D)
  A naga mage (D)
  A rust devil (D)
  3 guardian serpents (D)
  A black mamba (D)
  A gargoyle (D)
  4 spiny frogs (D)
  2 hellions (D)
  2 yaktaurs (D)
  A komodo dragon (shapeshifter) (D)
  An ancient zyme (D)
  2 demonic crawlers (D)
  2 ice devils (D)
  A komodo dragon (D)
  A wandering mushroom (D)
  3 red devils (D)
  3 merfolk (D)
  A tengu conjurer (D)
  2 jumping spiders (D)
  20 guardian mummies (D)
  4 polar bears (D)
  A jumping spider (shapeshifter) (D)
  A blink frog (D)
  3 hornets (D)
  A hornet (shapeshifter) (D)
  2 hippogriffs (D)
  A raiju (D)
  A slime creature (D)
  A redback (D)
  11 spriggans (D)
  3 starcursed masses (D)
  3 tarantellas (D)
  A wraith (D)
  A yak (D)
  Grum (D)
  2 chaos spawn (D)
  3 golden eyes (D)
  2 nagas (D)
  A small abomination (D)
  3 porcupines (D)
  4 water moccasins (D)
  An eye of draining (D)
  2 ogres (D)
  An ice beast (D)
  4 black bears (D)
  2 swamp drakes (D)
  9 orc warriors (D)
  3 wolves (D)
  3 crocodiles (D)
  4 bullfrogs (D)
  2 quasits (D)
  4 orc priests (D)
  7 orc wizards (D)
  2 worker ants (D)
  2 gnolls (D)
  A white imp (D)
  A leopard gecko (D)
  9 orcs (D)
  A giant cockroach (D)
  A goblin (D)
  A hobgoblin (D)
  A jackal (D)
  A giant cockroach zombie (D)
  A kobold (D)
  A quokka skeleton (D)
  A rat (D)
  A briar patch (D)
  A crawling corpse (D)
534 creatures vanquished.

Vanquished Creatures (collateral kills)
  An acid blob (D)
  Kirke (D)
  An azure jelly (D)
  A ghost moth (D)
  A mummy priest (D)
  A rakshasa (D)
  2 merfolk aquamancers (D)
  A manticore (D)
  A moth of wrath (D)
  A vault sentinel (D)
  A slime creature (D)
  2 merfolk (D)
  A snapping turtle (D)
  2 hogs (D)
  6 orc warriors (D)
  2 eyes of draining (D)
  An orc (D)
  A crawling corpse (D)
27 creatures vanquished.

Vanquished Creatures (others)
  3 humans (D)
  A swamp drake (D)
  A briar patch (D)
5 creatures vanquished.

Grand Total: 566 creatures vanquished

Notes
Turn   | Place    | Note
-------+----------+-------------------------------------------
     0 | D        | Groucho the Ogre Berserker began the quest for the Orb.
     0 | D        | Reached XP level 1. HP: 24/24 MP: 1/1
    13 | D        | Reached ** piety under Trog
    19 | D        | Reached skill level 1 in Armour
   102 | D        | Noticed a worker ant
   102 | D        | Noticed an ogre
   106 | D        | Reached skill level 5 in Maces & Flails
   106 | D        | Reached XP level 2. HP: 33/33 MP: 2/2
   107 | D        | Reached *** piety under Trog
   111 | D        | Reached skill level 5 in Fighting
   111 | D        | Reached XP level 3. HP: 42/42 MP: 3/3
   117 | D        | Killed an ogre
   117 | D        | Reached XP level 4. HP: 29/55 MP: 4/4
   117 | D        | Reached XP level 5. HP: 33/62 MP: 5/5
   530 | D        | Found a roughly hewn altar of Beogh.
   530 | D        | Found a snail-covered altar of Cheibriados.
   530 | D        | Found a shadowy altar of Dithmenos.
   530 | D        | Found a white marble altar of Elyvilon.
   530 | D        | Found a blossoming altar of Fedhas.
   530 | D        | Found an opulent altar of Gozag.
   531 | D        | Found a hazy altar of Hepliaklqana.
   532 | D        | Found a viscous altar of Jiyva.
   533 | D        | Found an ancient bone altar of Kikubaaqudgha.
   534 | D        | Found a corrupted altar of Lugonu.
   535 | D        | Found a burning altar of Makhleb.
   536 | D        | Found a sparkling altar of Nemelex Xobeh.
   537 | D        | Found an iron altar of Okawaru.
   538 | D        | Found a stormy altar of Qazlal.
   539 | D        | Found a sacrificial altar of Ru.
   540 | D        | Found a deep blue altar of Sif Muna.
   541 | D        | Found a bloodstained altar of Trog.
   542 | D        | Found a hide-covered altar of Uskayaw.
   543 | D        | Found a radiant altar of Vehumet.
   544 | D        | Found a shimmering altar of Xom.
   545 | D        | Found a basalt altar of Yredelemnul.
   546 | D        | Found a glowing silver altar of Zin.
   547 | D        | Found a glowing golden altar of the Shining One.
   584 | D        | Noticed a hill giant
   584 | D        | Noticed a hill giant
   584 | D        | Noticed a water moccasin
   587 | D        | Killed a hill giant
   587 | D        | Reached skill level 5 in Armour
   587 | D        | Reached XP level 6. HP: 78/78 MP: 6/6
   587 | D        | Reached XP level 7. HP: 84/84 MP: 7/7
   592 | D        | Killed a hill giant
   592 | D        | Reached **** piety under Trog
   592 | D        | Reached skill level 10 in Fighting
   592 | D        | Reached XP level 8. HP: 46/96 MP: 8/8
  1034 | D        | Noticed a tengu conjurer
  1034 | D        | Noticed a centaur warrior
  1034 | D        | Noticed a cyclops
  1034 | D        | Noticed a green ugly thing
  1039 | D        | Killed a tengu conjurer
  1039 | D        | Reached ***** piety under Trog
  1039 | D        | Reached skill level 15 in Maces & Flails
  1046 | D        | Killed a centaur warrior
  1046 | D        | Reached XP level 9. HP: 107/107 MP: 9/9
  1049 | D        | Killed a cyclops
  1049 | D        | Received a gift from Trog
  1055 | D        | Killed a green ugly thing
  1338 | D        | Noticed a spiny frog
  1352 | D        | Killed a spiny frog
  1352 | D        | Reached XP level 10. HP: 119/119 MP: 3/10
  1360 | D        | Reached skill level 10 in Dodging
  1385 | D        | Received a gift from Trog
  1401 | D        | Got an encrusted great mace {god gift}
  1402 | D        | Identified the +10 great mace of Dehenehu {crush, *Drain rPois rC+ Int+2} (Trog gifted it to you in the Dungeon)
  1771 | D        | Noticed a spiny frog
  1785 | D        | Killed a spiny frog
  1785 | D        | Reached ****** piety under Trog
  1844 | D        | Received a gift from Trog
  1971 | D        | Noticed Grum
  1977 | D        | Killed Grum
  1977 | D        | Reached XP level 11. HP: 131/131 MP: 11/11
  1980 | D        | Reached skill level 15 in Fighting
  2019 | D        | Received a gift from Trog
  2027 | D        | Reached skill level 10 in Armour
  2037 | D        | Received a gift from Trog
  2083 | D        | Noticed an orc knight
  2099 | D        | Killed an orc knight
  2107 | D        | Received a gift from Trog
  2491 | D        | Found Wabad's Book Emporium.
  2491 | D        | Noticed an orc sorcerer
  2491 | D        | Noticed an orc sorcerer
  2491 | D        | Noticed an orc sorcerer
  2493 | D        | Noticed an orc sorcerer
  2495 | D        | Noticed an orc sorcerer
  2496 | D        | Killed an orc sorcerer
  2497 | D        | Found Ygrot's Jewellery Shoppe.
  2501 | D        | Killed an orc sorcerer
  2505 | D        | Found Vuggi's Gadget Emporium.
  2506 | D        | Killed an orc sorcerer
  2506 | D        | Received a gift from Trog
  2509 | D        | Killed an orc sorcerer
  2510 | D        | Killed an orc sorcerer
  2511 | D        | Noticed an orc sorcerer
  2512 | D        | Found Letyrgh's Distillery.
  2512 | D        | Noticed an orc sorcerer
  2514 | D        | Received a gift from Trog
  2520 | D        | Killed an orc sorcerer
  2521 | D        | Noticed an orc sorcerer
  2524 | D        | Killed an orc sorcerer
  2527 | D        | Received a gift from Trog
  2532 | D        | Gained mutation: Scrolls take you a little longer to read. [a neqoxec]
  2544 | D        | Killed an orc sorcerer
  2589 | D        | Bought an uncursed amulet of guardian spirit for 360 gold pieces
  2959 | D        | Bought a potion of haste for 110 gold pieces
  2959 | D        | Bought a potion of heal wounds for 55 gold pieces
  2959 | D        | Bought a potion of curing for 33 gold pieces
  2959 | D        | Bought a potion of curing for 33 gold pieces
  2959 | D        | Bought a potion of heal wounds for 55 gold pieces
  2959 | D        | Bought a potion of curing for 33 gold pieces
  2959 | D        | Bought a potion of haste for 110 gold pieces
  2959 | D        | Bought a potion of lignification for 33 gold pieces
  2959 | D        | Bought a potion of degeneration for 11 gold pieces
  2959 | D        | Bought a potion of might for 44 gold pieces
  2959 | D        | Bought a potion of might for 44 gold pieces
  2959 | D        | Bought a potion of agility for 44 gold pieces
  3148 | D        | Noticed a deep elf mage
  3148 | D        | Noticed a cyclops
  3149 | D        | Noticed a red ugly thing
  3150 | D        | Noticed a soul eater
  3159 | D        | Noticed a stone giant
  3164 | D        | Killed a deep elf mage
  3164 | D        | Received a gift from Trog
  3164 | D        | Reached skill level 1 in Spellcasting
  3165 | D        | Noticed a white ugly thing
  3168 | D        | Killed a cyclops
  3171 | D        | Killed a red ugly thing
  3177 | D        | Killed a stone giant
  3177 | D        | Reached XP level 12. HP: 138/146 MP: 3/17
  3181 | D        | Noticed a tengu warrior
  3184 | D        | Noticed a frost giant
  3190 | D        | Killed a frost giant
  3190 | D        | Received a gift from Trog
  3190 | D        | Reached skill level 5 in Spellcasting
  3192 | D        | Noticed a deep troll earth mage
  3193 | D        | Killed a tengu warrior
  3198 | D        | Killed a deep troll earth mage
  3205 | D        | Got a shimmering giant spiked club {god gift}
  3208 | D        | Got a crude giant club {god gift}
  3209 | D        | Identified the +11 giant spiked club of Perversion {drain, rPois MR+ Str-3 Stlth+} (Trog gifted it to you in the Dungeon)
  3210 | D        | Identified the +4 giant club of Blood-Lust {crush, rC- rN++ Str+2 Dex+4} (Trog gifted it to you in the Dungeon)
  3664 | D        | Noticed Snorg
  3672 | D        | Killed Snorg
  3821 | D        | Noticed Kirke
  3832 | D        | Noticed Nergalle
  3832 | D        | Killed Kirke
  3832 | D        | Received a gift from Trog
  3849 | D        | Killed Nergalle
  3859 | D        | Got a steaming giant club {god gift}
  3860 | D        | Identified the +7 giant club "Nommuanu" {chaos, -Tele rN+++ Str+2 Stlth+} (Trog gifted it to you in the Dungeon)
  4144 | D        | Noticed an eight-headed hydra
  4144 | D        | Noticed a tentacled monstrosity
  4154 | D        | Killed a tentacled monstrosity
  4157 | D        | Killed an eight-headed hydra
  4157 | D        | Received a gift from Trog
  4167 | D        | Reached XP level 13. HP: 161/161 MP: 21/25
  4181 | D        | Received a gift from Trog
  4392 | D        | Received a gift from Trog
  4407 | D        | Reached skill level 10 in Spellcasting
  4414 | D        | Received a gift from Trog
  5191 | D        | Got a dazzling giant club {god gift}
  5192 | D        | Identified the +2 giant club of Lairchex {crush, +Inv rF+} (Trog gifted it to you in the Dungeon)
  5200 | D        | Noticed a merfolk javelineer
  5206 | D        | Noticed a merfolk javelineer
  5224 | D        | Killed a merfolk javelineer
  5224 | D        | Received a gift from Trog
  5228 | D        | Killed a merfolk javelineer
  5232 | D        | Received a gift from Trog
  5497 | D        | Received a gift from Trog
  5654 | D        | Noticed Donald
  5672 | D        | Killed Donald
  5672 | D        | Reached skill level 15 in Dodging
  5745 | D        | Noticed a stone giant
  5745 | D        | Noticed a cyan very ugly thing
  5745 | D        | Noticed a great orb of eyes
  5745 | D        | Noticed a fire dragon
  5745 | D        | Noticed a frost giant
  5750 | D        | Killed a stone giant
  5751 | D        | Noticed a yaktaur captain
  5754 | D        | Killed a cyan very ugly thing
  5755 | D        | Noticed a golden dragon
  5757 | D        | Received a gift from Trog
  5763 | D        | Killed a great orb of eyes
  5764 | D        | Noticed a brown very ugly thing
  5768 | D        | Killed a fire dragon
  5772 | D        | Killed a frost giant
  5772 | D        | Received a gift from Trog
  5772 | D        | Reached XP level 14. HP: 176/176 MP: 7/28
  5777 | D        | Noticed a stone giant
  5778 | D        | Noticed an iron dragon
  5780 | D        | Killed a golden dragon
  5782 | D        | Killed a brown very ugly thing
  5789 | D        | Killed a stone giant
  5794 | D        | Killed an iron dragon
  5794 | D        | Received a gift from Trog
  5794 | D        | Reached skill level 15 in Armour
  5795 | D        | Noticed a stone giant
  5797 | D        | Noticed a red very ugly thing
  5804 | D        | Noticed a fire giant
  5805 | D        | Killed a stone giant
  5808 | D        | Killed a red very ugly thing
  5814 | D        | Killed a fire giant
  5814 | D        | Received a gift from Trog
  6161 | D        | Noticed an ironheart preserver
  6161 | D        | Noticed an ironheart preserver
  6161 | D        | Noticed an ironheart preserver
  6165 | D        | Killed an ironheart preserver
  6170 | D        | Killed an ironheart preserver
  6174 | D        | Killed an ironheart preserver
  6178 | D        | Noticed an ironheart preserver
  6179 | D        | Received a gift from Trog
  6197 | D        | Noticed a stone giant
  6199 | D        | Killed an ironheart preserver
  6207 | D        | Received a gift from Trog
  6213 | D        | Killed a stone giant
  6223 | D        | Reached XP level 15. HP: 81/193 MP: 5/29
  6228 | D        | Paralysed by a floating eye for 3 turns
  6235 | D        | Received a gift from Trog
  6240 | D        | Received a gift from Trog
  6248 | D        | Got a brightly glowing giant spiked club {god gift}
  6270 | D        | Identified the +3 giant spiked club of Neuzedyts {freeze, rPois} (Trog gifted it to you in the Dungeon)
  6343 | D        | Noticed Saint Roka
  6367 | D        | Killed Saint Roka
  6367 | D        | Reached skill level 27 in Maces & Flails
  6369 | D        | Received a gift from Trog
  6874 | D        | Noticed Margery
  6892 | D        | Killed Margery
  6895 | D        | Received a gift from Trog
  6904 | D        | Received a gift from Trog
  7072 | D        | Noticed Xtahua
  7085 | D        | Killed Xtahua
  7715 | D        | Noticed Mara
  7724 | D        | Killed Mara
  7732 | D        | Noticed Jory
  7742 | D        | Killed Jory
  7837 | D        | Noticed a thorn hunter
  7842 | D        | Received a gift from Trog
  7853 | D        | Killed a thorn hunter
  7853 | D        | Reached skill level 5 in Throwing
  7860 | D        | Reached XP level 16. HP: 213/213 MP: 8/30
  7867 | D        | Received a gift from Trog
  7881 | D        | Got a decaying rune of Zot
  7921 | D        | Received a gift from Trog
  7952 | D        | Reached skill level 27 in Fighting
  7966 | D        | Received a gift from Trog
  8071 | D        | Received a gift from Trog
  8664 | D        | Got a gossamer rune of Zot
  8696 | D        | Noticed a nagaraja
  8696 | D        | Noticed a nagaraja
  8696 | D        | Noticed a nagaraja
  8696 | D        | Noticed a nagaraja
  8700 | D        | Noticed a nagaraja
  8701 | D        | Noticed a nagaraja
  8706 | D        | Killed a nagaraja
  8707 | D        | Noticed a nagaraja
  8710 | D        | Killed a nagaraja
  8711 | D        | Noticed a nagaraja
  8716 | D        | Killed a nagaraja
  8716 | D        | Received a gift from Trog
  8716 | D        | Received a gift from Trog
  8716 | D        | Reached skill level 10 in Throwing
  8717 | D        | Noticed a nagaraja
  8723 | D        | Killed a nagaraja
  8724 | D        | Noticed a nagaraja
  8729 | D        | Killed a nagaraja
  8732 | D        | Killed a nagaraja
  8732 | D        | Received a gift from Trog
  8737 | D        | Killed a nagaraja
  8741 | D        | Killed a nagaraja
  8744 | D        | Killed a nagaraja
  8751 | D        | Killed a nagaraja
  8751 | D        | Received a gift from Trog
  8753 | D        | Received a gift from Trog
  9118 | D        | Got a serpentine rune of Zot
  9119 | D        | Got a twisted giant club {god gift}
  9142 | D        | Identified the +7 giant club "Socvikul" {venom, rPois rC++ Str+2} (Trog gifted it to you in the Dungeon)
  9254 | D        | Noticed Ilsuiw
  9258 | D        | Received a gift from Trog
  9280 | D        | Received a gift from Trog
  9281 | D        | Killed Ilsuiw
  9290 | D        | Received a gift from Trog
  9300 | D        | Received a gift from Trog
  9317 | D        | Reached XP level 17. HP: 87/226 MP: 7/31
  9335 | D        | Got a barnacled rune of Zot
  9785 | D        | Noticed Sojobo
  9794 | D        | Received a gift from Trog
  9805 | D        | Killed Sojobo
 10070 | D        | Noticed Mennas
 10080 | D        | Noticed Agnes
 10084 | D        | Killed Mennas
 10084 | D        | Received a gift from Trog
 10087 | D        | Killed Agnes
 10463 | D        | Received a gift from Trog
 10475 | D        | Received a gift from Trog
 10482 | D        | Received a gift from Trog
 10489 | D        | Received a gift from Trog
 10506 | D        | Received a gift from Trog
 10531 | D        | Received a gift from Trog
 10541 | D        | Reached skill level 15 in Throwing
 10550 | D        | Received a gift from Trog
 10616 | D        | Received a gift from Trog
 10663 | D        | Noticed a golden dragon
 10669 | D        | Received a gift from Trog
 10669 | D        | Received a gift from Trog
 10681 | D        | Received a gift from Trog
 10692 | D        | Killed a golden dragon
 10692 | D        | Received a gift from Trog
 10715 | D        | Received a gift from Trog
 10722 | D        | Reached XP level 18. HP: 196/236 MP: 10/32
 10758 | D        | Received a gift from Trog
 10761 | D        | Received a gift from Trog
 10842 | D        | Noticed a quicksilver dragon
 10847 | D        | Received a gift from Trog
 10857 | D        | Killed a quicksilver dragon
 10877 | D        | Received a gift from Trog
 10896 | D        | Got a silver rune of Zot
 11167 | D        | Got the ring "Gibaso" {rPois rF- rC+ Int+7 Stlth+}
 11169 | D        | Got the ring "Geurhor" {Dex+3 Slay+3}
 11171 | D        | Got the amulet "Bercheefe" {Spirit Stlth+}
 11173 | D        | Got the amulet "Loumakhlo" {Gourm rElec Str+3 Int+3}
 11175 | D        | Got the ring of Idyh Bev {rPois rC+}
 11627 | D        | Noticed Boris
 11652 | D        | Killed Boris
 11652 | D        | Received a gift from Trog
 11758 | D        | Noticed a lich
 11766 | D        | Killed a lich
 11800 | D        | Received a gift from Trog
 11818 | D        | Reached skill level 27 in Dodging
 11858 | D        | Noticed a golden dragon
 11858 | D        | Noticed a golden dragon
 11858 | D        | Noticed a bone dragon
 11864 | D        | Killed a golden dragon
 11867 | D        | Received a gift from Trog
 11872 | D        | Killed a golden dragon
 11877 | D        | Received a gift from Trog
 11883 | D        | Killed a bone dragon
 11892 | D        | Received a gift from Trog
 11905 | D        | Received a gift from Trog
 11918 | D        | Got an ichor-stained giant spiked club {god gift}
 11927 | D        | Identified the +6 giant spiked club of Dismemberment {crush, Str+3 Int+6 SInv} (Trog gifted it to you in the Dungeon)
 12096 | D        | Noticed a tentacled monstrosity
 12096 | D        | Noticed a tentacled monstrosity
 12102 | D        | Killed a tentacled monstrosity
 12102 | D        | Reached skill level 27 in Armour
 12110 | D        | Killed a tentacled monstrosity
 12117 | D        | Received a gift from Trog
 12128 | D        | Received a gift from Trog
 12384 | D        | Reached XP level 19. HP: 234/245 MP: 11/33
 12391 | D        | Received a gift from Trog
 12407 | D        | Received a gift from Trog
 12416 | D        | Received a gift from Trog
 12617 | D        | Noticed a tentacled monstrosity
 12635 | D        | Killed a tentacled monstrosity
 12645 | D        | Received a gift from Trog
 12650 | D        | Reached skill level 15 in Spellcasting
 12657 | D        | Received a gift from Trog
 12723 | D        | Noticed a tentacled monstrosity
 12723 | D        | Noticed a golden dragon
 12728 | D        | Noticed a tentacled monstrosity
 12730 | D        | Killed a tentacled monstrosity
 12737 | D        | Lost mutation: Scrolls take you a little longer to read. [potion of cure mutation]
 13336 | D        | Killed a golden dragon
 13362 | D        | Received a gift from Trog
 13388 | D        | Killed a tentacled monstrosity
 13401 | D        | Received a gift from Trog
 13429 | D        | Received a gift from Trog
 13850 | D        | Received a gift from Trog
 13859 | D        | Reached skill level 5 in Evocations
 13865 | D        | Received a gift from Trog
 13873 | D        | Received a gift from Trog
 13888 | D        | Reached skill level 10 in Evocations
 14099 | D        | Received a gift from Trog
 14124 | D        | Reached XP level 20. HP: 200/256 MP: 12/45
 14127 | D        | Reached skill level 27 in Throwing
 14136 | D        | Received a gift from Trog
 14147 | D        | Received a gift from Trog
 14264 | D        | Noticed an ancient lich
 14277 | D        | Killed an ancient lich
 14280 | D        | Noticed an orb of fire
 14292 | D        | Killed an orb of fire
 14292 | D        | Received a gift from Trog
 14408 | D        | Noticed an electric golem
 14411 | D        | Killed an electric golem
 14414 | D        | Noticed a golden dragon
 14415 | D        | Noticed an orb of fire
 14420 | D        | Noticed an orb of fire
 14424 | D        | Killed a golden dragon
 14430 | D        | Gained mutation: Your magical capacity is low. (-10% MP) [an orb of fire]
 14440 | D        | Killed an orb of fire
 14459 | D        | Gained mutation: Your flesh is heat resistant. (rF+) [an orb of fire]
 14461 | D        | Killed an orb of fire
 14477 | D        | Received a gift from Trog
 14506 | D        | Received a gift from Trog
 15016 | D        | Received a gift from Trog
 15041 | D        | Reached XP level 21. HP: 173/265 MP: 6/42
 15342 | D        | Received a gift from Trog
 15472 | D        | Noticed an ancient lich
 15472 | D        | Noticed an ancient lich
 15476 | D        | Received a gift from Trog
 15476 | D        | Reached skill level 27 in Evocations
 15476 | D        | Reached skill level 1 in Stealth
 15476 | D        | Reached skill level 1 in Unarmed Combat
 15488 | D        | Killed an ancient lich
 15488 | D        | Received a gift from Trog
 15492 | D        | Killed an ancient lich
 15495 | D        | Reached skill level 10 in Unarmed Combat
 15501 | D        | Received a gift from Trog
 15508 | D        | Reached skill level 10 in Stealth
 15518 | D        | Received a gift from Trog
 15994 | D        | Received a gift from Trog
 16001 | D        | Received a gift from Trog
 16042 | D        | Received a gift from Trog
 16061 | D        | Received a gift from Trog
 16066 | D        | Received a gift from Trog
 16073 | D        | Received a gift from Trog
 16073 | D        | Reached skill level 15 in Unarmed Combat
 16077 | D        | Received a gift from Trog
 16080 | D        | Received a gift from Trog
 16085 | D        | Received a gift from Trog
 16089 | D        | Received a gift from Trog
 16092 | D        | Reached skill level 15 in Stealth
 16096 | D        | Got an elven rune of Zot
 16150 | D        | Noticed the Royal Jelly
 16157 | D        | Received a gift from Trog
 16686 | D        | Killed the Royal Jelly
 16686 | D        | Reached XP level 22. HP: 271/275 MP: 9/42
 17408 | D        | Received a gift from Trog
 17719 | D        | Got a slimy rune of Zot
 18055 | D        | Received a gift from Trog
 18055 | D        | Received a gift from Trog
 18071 | D        | Received a gift from Trog
 18075 | D        | Received a gift from Trog
 18088 | D        | Received a gift from Trog
 18467 | D        | Received a gift from Trog
 18472 | D        | Received a gift from Trog
 18795 | D        | Received a gift from Trog
 19320 | D        | Noticed a greater mummy
 19320 | D        | Noticed a greater mummy
 19320 | D        | Noticed a greater mummy
 19329 | D        | Killed a greater mummy
 19337 | D        | Killed a greater mummy
 19337 | D        | Received a gift from Trog
 19354 | D        | Received a gift from Trog
 19357 | D        | Noticed a greater mummy
 19368 | D        | Killed a greater mummy
 19385 | D        | Killed a greater mummy
 19385 | D        | Received a gift from Trog
 19397 | D        | Got a crystal giant spiked club {god gift}
 19398 | D        | Identified the +6 giant spiked club "Doth" {venom, *Drain rC+ Dex+5} (Trog gifted it to you in the Dungeon)
 20058 | D        | Got a golden rune of Zot
 20070 | D        | Received a gift from Trog
 20103 | D        | Received a gift from Trog
 20107 | D        | Got an abyssal rune of Zot
 20292 | D        | Noticed Geryon
 20302 | D        | Killed Geryon
 20699 | D        | Got the Orb of Zot
 20828 | D        | Received a gift from Trog
 21167 | D        | Noticed Cethel the pandemonium lord
 21170 | D        | Killed Cethel the pandemonium lord
 21175 | D        | Received a gift from Trog
 21259 | D        | Received a gift from Trog
 21294 | D        | Received a gift from Trog
 21312 | D        | Received a gift from Trog
 21317 | D        | Reached XP level 23. HP: 209/284 MP: 14/43
 21346 | D        | Received a gift from Trog
 21532 | D        | Noticed Woomih the pandemonium lord
 21560 | D        | HP: 4/284 [Woomih the pandemonium lord/living lightning (24)]
 21563 | D        | Received a gift from Trog
 21566 | D        | HP: 13/284 [??? (11)]
 21568 | D        | Killed from afar by Woomih the pandemonium lord

Vault maps used:
D:        linesprint

Skill      XL: |  1  2  3  4  5  6  7  8  9 10 11 12 13 14 15 16 17 18 19 20 21 22 23 |
---------------+----------------------------------------------------------------------+-----
Armour         | 1 2 3 5 6 7 8 9 11 12 14 16 18 21 24 27 | 27.0
Dodging        | 3 4 6 7 9 11 12 13 15 17 19 22 25 27 | 27.0
Maces & Flails | 5 6 9 12 14 16 17 19 22 23 24 26 27 | 27.0
Fighting       | 5 7 9 10 12 13 14 16 18 20 23 26 27 | 27.0
Spellcasting   | 3 8 10 21 | 21.7
Throwing       | 5 12 16 22 26 27 | 27.0
Evocations     | 12 25 27 | 27.0
Stealth        | 17 24 25 | 25.1
Unarmed Combat | 19 26 | 26.9

Action                   |  1- 3 |  4- 6 |  7- 9 | 10-12 | 13-15 | 16-18 | 19-21 | 22-24 || total
-------------------------+-------+-------+-------+-------+-------+-------+-------+-------++-------
Melee: Mace              |    38 |       |       |       |       |       |       |       ||    38
       Dire flail        |       |     3 |    43 |    31 |       |       |       |       ||    77
       Great mace        |       |       |       |    65 |       |       |       |       ||    65
       Giant spiked club |       |       |       |   116 |       |       |       |       ||   116
       Giant club        |       |       |       |    19 |   264 |   578 |   515 |   219 ||  1595
Throw: Large rock        |       |       |       |       |       |    15 |     9 |    92 ||   116
Invok: Trog's Hand       |     1 |     2 |     2 |     8 |    11 |    18 |    15 |    11 ||    68
       Berserk           |     1 |     2 |     2 |     7 |     9 |    10 |     3 |     1 ||    35
       Brothers in Arms  |       |       |       |     3 |     4 |     4 |     4 |     7 ||    22
  Use: Scroll            |       |       |       |     1 |       |     9 |     2 |     2 ||    14
       Potion            |       |       |       |       |     4 |     5 |    11 |    16 ||    36
 Stab: Confused          |       |       |       |       |     1 |       |       |       ||     1
       Petrifying        |       |       |       |       |       |       |       |     2 ||     2
  Eat: Bread ration      |       |     1 |       |     1 |     3 |     3 |     1 |     2 ||    11
       Chunk             |       |       |     2 |     6 |       |       |     2 |       ||    10
       Meat ration       |       |       |       |     2 |     2 |     4 |     3 |     1 ||    12
       Fruit             |       |       |       |       |     6 |       |     1 |    11 ||    18
       Beef jerky        |       |       |       |       |       |     1 |       |       ||     1
Armor: Animal skin       |     4 |       |     3 |    19 |       |       |       |       ||    26
       Swamp dragon scal |       |       |       |    21 |    48 |       |       |       ||    69
       Shadow dragon sca |       |       |       |       |    16 |       |       |       ||    16
       Storm dragon scal |       |       |       |       |    11 |   210 |       |       ||   221
       Gold dragon scale |       |       |       |       |       |    81 |   299 |   108 ||   488
Dodge: Dodged            |    17 |       |     8 |   116 |   114 |   351 |   285 |   139 ||  1030
